[Event "Titled Tuesday Blitz April 25 Early 2023"]
[White "Nery Junior, Jose Antonio"]
[Black "Goltseva, Ekaterina"]
[WhiteFideId "2104822"]
[BlackFideId "24173770"]
[WhiteElo "2197"]
[BlackElo "2200"]
[Result "0-1"]
[Round "02"]
[TimeControl "180+2"]
[Date "2023.04.25"]
[WhiteClock "0:01:41"]
[BlackClock "0:01:18"]

1. e4 c6 2. d4 d5 3. e5 c5 4. dxc5 Nc6 5. Bb5 e6 6. b4 Bd7 7. Bxc6 Bxc6 8. Nf3 a5 9. c3 b6 10. cxb6 axb4 11. O-O Qxb6 12. cxb4 Bxb4 13. Be3 Bc5 14. Bxc5 Qxc5 15. Nbd2 Bb5 16. Nb3 Qb6 17. Re1 Ne7 18. h4 O-O 19. h5 h6 20. Re3 Nf5 21. Rc3 Rfc8 22. Qc1 Rxc3 23. Qxc3 Bc4 24. Nfd2 Rc8 25. Nxc4 Rxc4 26. Qd2 Qc7 27. Qf4 Rxf4 0-1


[Site "https://www.chess.com"]

[Event "Titled Tuesday Blitz April 25 Early 2023"]
[White "Korelskiy, Egor"]
[Black "Barwinska, Ewa"]
[WhiteFideId "34329064"]
[BlackFideId "21833761"]
[WhiteElo "2186"]
[BlackElo "1908"]
[Result "1-0"]
[Round "02"]
[TimeControl "180+2"]
[Date "2023.04.25"]
[WhiteClock "0:00:09"]
[BlackClock "0:00:11"]

1. e4 c5 2. Nf3 d6 3. d4 cxd4 4. Nxd4 Nf6 5. Nc3 a6 6. h3 e5 7. Nb3 Be6 8. f4 exf4 9. Bxf4 Nc6 10. Qd2 Ne5 11. Nd4 Be7 12. Nxe6 fxe6 13. Bxe5 dxe5 14. Qxd8+ Rxd8 15. Bc4 Kf7 16. O-O b5 17. Bb3 Bc5+ 18. Kh2 Rhe8 19. Ne2 Ke7 20. Ng3 Rd4 21. Rfe1 Red8 22. a4 b4 23. Rac1 Rd2 24. a5 Bf2 25. Rf1 Bxg3+ 26. Kxg3 Nxe4+ 27. Kh2 Nf6 28. Rce1 e4 29. Rf4 Kd6 30. Rfxe4 Nxe4 31. Rxe4 e5 32. Rxb4 Kc5 33. Rb6 R8d6 34. Rb7 Rd7 35. Rb6 R2d6 36. Rb8 e4 37. c3 e3 38. Rc8+ Kb5 39. Rb8+ Kxa5 40. Bc2 Rb6 41. b4+ Kb5 42. c4+ Kc6 43. Be4+ Kc7 44. Re8 e2 45. Bf3 Rxb4 46. Rxe2 Rxc4 47. Re6 Rc2 48. Rxa6 Rf7 49. Ra7+ Kd6 50. Rxf7 g5 51. Rxh7 Ke5 52. Rg7 Kf4 53. Rf7+ Ke5 54. Kg3 Rc3 55. Kg4 Rc8 56. Kxg5 Rg8+ 57. Kh4 Ke6 58. Rf4 Rh8+ 59. Kg3 Rg8+ 60. Rg4 Rf8 61. h4 Ke5 62. h5 Rh8 63. Rg5+ Kf6 64. Kh4 Rd8 65. Ra5 Rd4+ 66. g4 Rd8 67. Ra6+ Kg7 68. h6+ Kh7 69. Be4+ Kh8 70. Kg5 Rg8+ 71. Kh5 Rd8 72. Ra7 Kg8 73. g5 Kh8 74. h7 Rc8 75. Re7 Rb8 76. Rf7 Rc8 77. Rf6 Rd8 78. Rg6 Re8 79. Rg8+ Rxg8 80. hxg8=Q+ Kxg8 81. Kg6 Kh8 82. Bd3 Kg8 83. Be2 Kh8 84. Kf7 Kh7 85. g6+ Kh6 86. g7 Kg5 87. g8=Q+ 1-0


[Site "https://www.chess.com"]

[Event "Titled Tuesday Blitz April 25 Early 2023"]
[White "Begunov, Konstantin"]
[Black "Dzhaparov, Medet"]
[WhiteFideId "4118510"]
[BlackFideId "13803689"]
[WhiteElo "2087"]
[BlackElo "1690"]
[Result "1-0"]
[Round "02"]
[TimeControl "180+2"]
[Date "2023.04.25"]
[WhiteClock "0:00:54"]
[BlackClock "0:00:50"]

1. d4 Nf6 2. c4 d5 3. cxd5 Nxd5 4. e4 Nb6 5. Nc3 e6 6. Be3 Bb4 7. a3 Bxc3+ 8. bxc3 O-O 9. Bd3 Nc6 10. Qh5 g6 11. Qh6 Qf6 12. Nf3 Qg7 13. Qh4 e5 14. Bh6 Qh8 15. Bxf8 Kxf8 16. Bb5 exd4 17. Bxc6 bxc6 18. Qd8+ Kg7 19. Qxc7 dxc3 20. Qxc6 Kh6 21. O-O Bg4 22. Qc7 Bxf3 23. Qf4+ g5 24. Qxf3 Qg7 25. Rac1 Rc8 26. Rfd1 Rc6 27. e5 Rc5 28. Rd6+ 1-0


[Site "https://www.chess.com"]

[Event "Titled Tuesday Blitz April 25 Early 2023"]
[White "Tsyhanchuk, Stanislav"]
[Black "Yurasova, Daria"]
[WhiteFideId "13505130"]
[BlackFideId "34146919"]
[WhiteElo "2173"]
[BlackElo "2134"]
[Result "1-0"]
[Round "02"]
[TimeControl "180+2"]
[Date "2023.04.25"]
[WhiteClock "0:00:15"]
[BlackClock "0:00:03"]

1. c4 c6 2. Nc3 d5 3. e3 Nf6 4. Nf3 e6 5. b3 Be7 6. Bb2 O-O 7. d4 Nbd7 8. Bd3 b6 9. O-O Bb7 10. Qc2 h6 11. e4 dxe4 12. Nxe4 Nxe4 13. Bxe4 Nf6 14. Bd3 c5 15. Rad1 Bxf3 16. gxf3 Qc7 17. d5 exd5 18. cxd5 Rad8 19. Be4 Nxe4 20. fxe4 Bd6 21. f3 Be5 22. Bxe5 Qxe5 23. f4 Qh5 24. e5 Kh8 25. Qg2 b5 26. Qf3 Qf5 27. Kh1 c4 28. bxc4 bxc4 29. Rd4 Rc8 30. d6 c3 31. d7 Rcd8 32. Qc6 c2 33. Rc1 Qh3 34. Qd5 Qe3 35. Rxc2 Rb8 36. Rd1 Qxf4 37. Rg2 Rbd8 38. Rdg1 Rg8 39. e6 fxe6 40. Qxe6 Qf3 41. h3 Qb7 42. Rd1 Rgf8 43. Qe7 Rg8 44. Kh2 Qf3 45. Qe2 Qf4+ 46. Kh1 Qf5 47. Qg4 Qf7 48. Kh2 Qe7 49. Rdd2 Qf7 50. Rgf2 Qe7 51. Rfe2 Qf7 52. Kg2 Qf6 53. Rd3 Qc6+ 54. Kh2 Qc7+ 55. Kg2 Qc6+ 56. Kf2 Qf6+ 57. Kg1 Qb6+ 58. Qd4 Qg6+ 59. Rg2 Qf7 60. Qd6 Rgf8 61. Kh2 Rg8 62. Qd4 Qe7 63. Rg6 Qf7 64. Rxh6# 1-0


[Site "https://www.chess.com"]

[Event "Titled Tuesday Blitz April 25 Early 2023"]
[White "Arat, Ufuk Sezen"]
[Black "Rosenberg, Evan S"]
[WhiteFideId "6309089"]
[BlackFideId "2019299"]
[WhiteElo "2289"]
[BlackElo "2261"]
[Result "0-1"]
[Round "02"]
[TimeControl "180+2"]
[Date "2023.04.25"]
[WhiteClock "0:00:14"]
[BlackClock "0:00:05"]

1. e4 e5 2. Nf3 Nc6 3. c3 Nf6 4. d4 exd4 5. e5 Nd5 6. cxd4 Bb4+ 7. Bd2 O-O 8. Nc3 Bxc3 9. bxc3 d6 10. Bb5 Bg4 11. h3 Bh5 12. O-O dxe5 13. g4 Bg6 14. Bxc6 bxc6 15. Nxe5 Qd6 16. f4 Be4 17. Qe2 f5 18. g5 Rae8 19. Qf2 Nb6 20. c4 Nd7 21. Bb4 Qxb4 22. Nxd7 Qxc4 23. Nxf8 Kxf8 24. Rac1 Qd3 25. Kh2 Rb8 26. Rcd1 Qa3 27. Rd2 g6 28. Re1 Rb5 29. Re3 Qc1 30. Re1 Qc3 31. Qe3 Qc4 32. Qa3+ Kf7 33. Qxa7 Qc3 34. Qxc7+ Kg8 35. Qd8+ Kg7 36. Qf6+ Kg8 37. Rde2 Qf3 38. Qd8+ Kg7 39. Qd7+ Kg8 40. a4 Qxf4+ 41. Kg1 Qg3+ 42. Kf1 Qxh3+ 43. Kg1 Qh1+ 44. Kf2 Qf3+ 45. Kg1 Qh1+ 46. Kf2 Qg2+ 47. Ke3 Rb3+ 48. Kf4 Qg3# 0-1


[Site "https://www.chess.com"]

[Event "Titled Tuesday Blitz April 25 Early 2023"]
[White "Orzech, Dominik"]
[Black "Garcia Almaguer, Juan Manuel"]
[WhiteFideId "1115065"]
[BlackFideId "5110491"]
[WhiteElo "2260"]
[BlackElo "2117"]
[Result "0-1"]
[Round "02"]
[TimeControl "180+2"]
[Date "2023.04.25"]
[WhiteClock "0:00:58"]
[BlackClock "0:00:22"]

1. d4 Nf6 2. Nf3 e6 3. c4 d5 4. Nc3 Bb4 5. cxd5 exd5 6. Qa4+ Nc6 7. Bg5 Bxc3+ 8. bxc3 h6 9. Bc1 Ne4 10. Ba3 Nxc3 11. Qc2 Nb5 12. Bc5 Nd6 13. Ne5 O-O 14. Nxc6 bxc6 15. e3 Bf5 16. Qa4 Qd7 17. Ba6 Rfe8 18. O-O Re6 19. Rfc1 Rg6 20. Bxd6 Qxd6 21. Bb7 Rb8 22. Rxc6 Qd7 23. Qxa7 Rxb7 24. Qa8+ Qc8 25. Qa4 Rxc6 26. Qxc6 Qa8 27. Qc5 Be6 28. h3 Ra7 29. a3 Ra5 30. Qb4 Ra4 31. Qc5 Rc4 32. Qe7 Qa4 33. Rb1 Qa7 34. h4 Rc3 35. h5 Qa8 36. g3 Rxa3 37. Qxc7 Ra1 38. Rxa1 Qxa1+ 39. Kh2 Qd1 40. Qe5 Qf3 41. Kg1 Bh3 42. Qe8+ Kh7 43. Qxf7 Qg2# 0-1


[Site "https://www.chess.com"]

[Event "Titled Tuesday Blitz April 25 Early 2023"]
[White "Petukhov, Dmitry"]
[Black "Nissinen, Niilo Man"]
[WhiteFideId "4142748"]
[BlackFideId "30950767"]
[WhiteElo "2311"]
[BlackElo "1952"]
[Result "1-0"]
[Round "02"]
[TimeControl "180+2"]
[Date "2023.04.25"]
[WhiteClock "0:01:46"]
[BlackClock "0:00:03"]

1. e4 c5 2. c3 Nf6 3. e5 Nd5 4. d4 cxd4 5. Nf3 e6 6. cxd4 Nc6 7. Nc3 d6 8. Nxd5 exd5 9. Be2 dxe5 10. dxe5 Be7 11. O-O O-O 12. h3 Be6 13. Be3 f6 14. exf6 Bxf6 15. Nd4 Bf7 16. Bf3 Re8 17. Rc1 Rc8 18. Nxc6 bxc6 19. Qa4 Bxb2 20. Rxc6 Qd7 21. Ra6 Qxa4 22. Rxa4 d4 23. Bxd4 Bxd4 24. Rxd4 Bxa2 25. Ra4 Be6 26. Rxa7 Rc2 27. Re1 Bf7 28. Rb1 Ra2 29. Rc7 Be6 30. Rbb7 Bf5 31. Bd5+ 1-0


[Site "https://www.chess.com"]

[Event "Titled Tuesday Blitz April 25 Early 2023"]
[White "Huber, Benedikt"]
[Black "De Souza, Cristiano Gomes"]
[WhiteFideId "12923583"]
[BlackFideId "2151758"]
[WhiteElo "2199"]
[BlackElo "2068"]
[Result "1-0"]
[Round "02"]
[TimeControl "180+2"]
[Date "2023.04.25"]
[WhiteClock "0:00:17"]
[BlackClock "0:00:15"]

1. d4 Nf6 2. Nc3 g6 3. e4 d6 4. Nf3 Bg7 5. Be2 O-O 6. O-O c6 7. a4 Bg4 8. Be3 Nbd7 9. h3 Bxf3 10. Bxf3 e5 11. d5 c5 12. Bg4 Nxg4 13. hxg4 f5 14. gxf5 gxf5 15. exf5 Rxf5 16. Ne4 Nf6 17. Qd3 Nxe4 18. Qxe4 Qf6 19. Ra3 h5 20. Bd2 Rf8 21. Qe2 Qf7 22. Rh3 Qxd5 23. Be3 Qf7 24. Rd1 Qg6 25. Qd3 R8f6 26. Qc4+ Qf7 27. Qe4 Bf8 28. Rg3+ Rg6 29. Rh3 Rgf6 30. Kh1 Qe6 31. Qh4 Rg6 32. Rg3 Rxg3 33. Qxg3+ Kf7 34. c3 Qg6 35. Qh3 Be7 36. b4 Qg4 37. Qxg4 hxg4 38. bxc5 dxc5 39. Rd7 Ke6 40. Rxb7 Rh5+ 41. Kg1 Rf5 42. Rxa7 g3 43. fxg3 e4 44. Ra6+ Kd5 45. g4 Rf7 46. g5 Bd6 47. g6 Rg7 48. c4+ Kxc4 49. Rxd6 Kb4 50. Rc6 Kxa4 51. Bxc5 Kb5 52. Bd4 Kxc6 53. Bxg7 Kd7 54. Kf2 Ke6 55. Bd4 Ke7 56. g7 Kf7 57. Ke3 1-0


[Site "https://www.chess.com"]

[Event "Titled Tuesday Blitz April 25 Early 2023"]
[White "Schut, Han"]
[Black "Garv Gaur"]
[WhiteFideId "1005561"]
[BlackFideId "45030839"]
[WhiteElo "2024"]
[BlackElo "2068"]
[Result "0-1"]
[Round "02"]
[TimeControl "180+2"]
[Date "2023.04.25"]
[WhiteClock "0:00:04"]
[BlackClock "0:00:42"]

1. e4 g6 2. d4 c6 3. f4 d5 4. Nc3 dxe4 5. Nxe4 Bg7 6. Nf3 Nf6 7. Nf2 O-O 8. c3 a5 9. Bd3 Na6 10. O-O Nc7 11. Ne5 Ncd5 12. Qe2 Qc7 13. Bd2 Be6 14. a3 Rad8 15. Rae1 Nh5 16. Ne4 b6 17. g4 Nhf6 18. f5 Bc8 19. Ng3 Nd7 20. c4 N5f6 21. Bf4 Qb7 22. g5 Ne8 23. Be4 Nb8 24. Qg2 Rxd4 25. Bxc6 Qa7 26. Bxe8 Rxe8 27. fxg6 hxg6 28. Ng4 Bxg4 29. Be5 Bxe5 30. Rxe5 Nc6 31. Rd5 Rxd5 32. cxd5 Ne5 33. Ne4 Qd7 34. d6 Bh3 35. Qf2 Qg4+ 36. Kh1 Qxe4+ 0-1


[Site "https://www.chess.com"]

[Event "Titled Tuesday Blitz April 25 Early 2023"]
[White "Prieto Aranguren, Alain"]
[Black "Baches Garcia, Guillermo"]
[WhiteFideId "2268906"]
[BlackFideId "2209764"]
[WhiteElo "2209"]
[BlackElo "2478"]
[Result "1/2-1/2"]
[Round "02"]
[TimeControl "180+2"]
[Date "2023.04.25"]
[WhiteClock "0:00:16"]
[BlackClock "0:00:04"]

1. d4 f5 2. g3 Nf6 3. Bg2 g6 4. Nf3 Bg7 5. O-O O-O 6. c4 d6 7. Nc3 Qe8 8. b3 Na6 9. Bb2 c6 10. Qc2 h6 11. Rae1 g5 12. e4 fxe4 13. Nxe4 Bf5 14. Nxf6+ Rxf6 15. Qe2 Rf7 16. d5 Nc5 17. Bxg7 Bd3 18. Qe3 Rxg7 19. Nd4 Bxf1 20. Rxf1 cxd5 21. cxd5 a5 22. f4 gxf4 23. Rxf4 Qg6 24. Nf5 Rf8 25. Nxg7 Rxf4 26. Qxf4 Kxg7 27. h4 Qb1+ 28. Kh2 Qxa2 29. Qg4+ Kf7 30. Qf5+ Kg7 31. h5 Qd2 32. Qg6+ Kf8 33. Qh7 Qg5 34. Qh8+ Kf7 35. Qh7+ Ke8 36. Bh3 Qd2+ 37. Kh1 Qe1+ 38. Kh2 Qd2+ 39. Kh1 Qe1+ 40. Kh2 Qd2+ 1/2-1/2


[Site "https://www.chess.com"]

[Event "Titled Tuesday Blitz April 25 Early 2023"]
[White "Jiganchine, Roman"]
[Black "Turzo, Attila"]
[WhiteFideId "2603667"]
[BlackFideId "704954"]
[WhiteElo "2251"]
[BlackElo "2476"]
[Result "1-0"]
[Round "02"]
[TimeControl "180+2"]
[Date "2023.04.25"]
[WhiteClock "0:00:14"]
[BlackClock "0:00:21"]

1. e4 c5 2. Nf3 Nc6 3. Bb5 g6 4. O-O Bg7 5. Re1 e5 6. c3 a6 7. Bxc6 dxc6 8. d4 cxd4 9. cxd4 exd4 10. Bg5 Ne7 11. e5 c5 12. b4 b6 13. bxc5 bxc5 14. Na3 Be6 15. Qa4+ Qd7 16. Qa5 Qa7 17. Rac1 O-O 18. Rxc5 Nf5 19. Rc7 Qb8 20. Rb1 Qe8 21. g4 Nh6 22. h3 Rc8 23. Rbb7 Rxc7 24. Rxc7 Qa8 25. Nxd4 Bd5 26. Ndc2 Bxe5 27. Bxh6 Re8 28. Ne3 Bf3 29. Nac4 Bd4 30. Rxf7 Kxf7 31. Qc7+ Re7 32. Nd6+ Ke6 33. Qc4+ Kxd6 34. Qxd4+ Kc6 35. Qc4+ Kd7 36. Qd4+ Kc8 37. Qc5+ Rc7 38. Qf8+ Kb7 39. Qb4+ Ka7 40. Nc4 Qb7 41. Be3+ Ka8 42. Nb6+ Kb8 43. Qf8+ Rc8 44. Nxc8 Qxc8 45. Qxf3 Qc4 46. Bf4+ Kc8 47. Kg2 Qxa2 48. Qc6+ Kd8 49. Bg5# 1-0


[Site "https://www.chess.com"]

[Event "Titled Tuesday Blitz April 25 Early 2023"]
[White "Shtivelband, Richard"]
[Black "Goncalves, Davi Sulzbacher"]
[WhiteFideId "2017342"]
[BlackFideId "2154510"]
[WhiteElo "2248"]
[BlackElo "2182"]
[Result "1-0"]
[Round "02"]
[TimeControl "180+2"]
[Date "2023.04.25"]
[WhiteClock "0:00:06"]
[BlackClock "0:00:02"]

1. e4 c5 2. Nf3 d6 3. d4 cxd4 4. Nxd4 Nf6 5. Nc3 a6 6. Bd3 e5 7. Nde2 Be6 8. f4 Qc7 9. O-O Be7 10. Kh1 O-O 11. Be3 Nbd7 12. b3 exf4 13. Bxf4 Ne5 14. Nd5 Nxd5 15. exd5 Bxd5 16. Bxh7+ Kxh7 17. Qxd5 Qxc2 18. Nd4 Qg6 19. Rac1 Rac8 20. Rxc8 Rxc8 21. Bxe5 dxe5 22. Qxb7 Qd3 23. Rg1 Re8 24. Nc6 Bc5 25. Qxf7 Qg6 26. Qxg6+ Kxg6 27. Re1 e4 28. b4 Bf2 29. Re2 e3 30. g3 Rc8 31. Ne5+ Kf5 32. Nf3 Ke4 33. Kg2 Kd3 34. Rb2 Rc1 35. Ne5+ Ke4 36. Nf3 Be1 37. Re2 Bxb4 38. g4 Bd6 39. h4 Bf4 40. g5 Rd1 41. Re1 Rxe1 42. Nxe1 e2 43. Kf2 1-0


[Site "https://www.chess.com"]

[Event "Titled Tuesday Blitz April 25 Early 2023"]
[White "Bekkedahl, Zachary"]
[Black "Jovic, Stanoje"]
[WhiteFideId "2069156"]
[BlackFideId "905020"]
[WhiteElo "1943"]
[BlackElo "2236"]
[Result "1-0"]
[Round "02"]
[TimeControl "180+2"]
[Date "2023.04.25"]
[WhiteClock "0:00:13"]
[BlackClock "0:00:03"]

1. e4 c6 2. d4 d5 3. exd5 cxd5 4. Bd3 g6 5. Nf3 Nh6 6. O-O f6 7. Re1 Nf7 8. c4 dxc4 9. Bxc4 Bg7 10. Nc3 O-O 11. Bf4 a6 12. d5 b5 13. Bb3 Nd7 14. Nd4 Nfe5 15. Ne6 Qb6 16. Nxf8 Kxf8 17. Qe2 Bb7 18. Rad1 Rc8 19. Ne4 a5 20. a3 a4 21. Ba2 Ba6 22. d6 b4 23. dxe7+ Kxe7 24. Qd2 b3 25. Bb1 Kf8 26. Qd6+ Qxd6 27. Rxd6 Bb7 28. Bxe5 Nxe5 29. Nxf6 Bxf6 30. Rxf6+ Kg7 31. Rb6 Ba8 32. f4 Nc4 33. Ra6 Nxb2 34. f5 Bd5 35. fxg6 hxg6 36. Rxg6+ Kf7 37. Rf1+ Ke7 38. Rg7+ Kd6 39. Rf6+ Ke5 40. Rf1 Nc4 41. Rg5+ Kd6 42. Rd1 Ne3 43. Re1 Rc3 44. Rg3 1-0


[Site "https://www.chess.com"]

[Event "Titled Tuesday Blitz April 25 Early 2023"]
[White "Manukian, Artak"]
[Black "Coelho, Ramyres Santana"]
[WhiteFideId "13301373"]
[BlackFideId "2120690"]
[WhiteElo "2130"]
[BlackElo "1888"]
[Result "1-0"]
[Round "02"]
[TimeControl "180+2"]
[Date "2023.04.25"]
[WhiteClock "0:01:31"]
[BlackClock "0:01:28"]

1. e4 c5 2. Nf3 d6 3. Bb5+ Nd7 4. O-O a6 5. Bd3 Ne5 6. Be2 Nf6 7. Nc3 g6 8. a4 Bg7 9. d3 O-O 10. Bf4 Nfd7 11. Qd2 b6 12. Bh6 Bb7 13. Bxg7 Kxg7 14. Ne1 Nc6 15. f4 Nd4 16. f5 Nxe2+ 17. Nxe2 f6 18. Nf4 Qe8 19. Ne6+ Kf7 20. Qh6 Qc8 21. Qxh7+ Ke8 22. fxg6 Ne5 23. Nxf8 Qg4 24. g7 1-0


[Site "https://www.chess.com"]

[Event "Titled Tuesday Blitz April 25 Early 2023"]
[White "Benaddi, Mouhcine"]
[Black "Staudenhocker43"]
[WhiteFideId "9001050"]
[WhiteElo "2036"]
[BlackElo "2467"]
[Result "0-1"]
[Round "02"]
[TimeControl "180+2"]
[Date "2023.04.25"]
[WhiteClock "0:01:26"]
[BlackClock "0:01:44"]

1. Nf3 Nf6 2. g3 g6 3. Bg2 Bg7 4. O-O c5 5. c4 O-O 6. Nc3 Nc6 7. d3 d6 8. Rb1 e5 9. a3 a5 10. Ne1 Be6 11. Nc2 d5 12. cxd5 Nxd5 13. Ne3 Nde7 14. Ne4 b6 15. Ng5 Bd7 16. Qb3 a4 17. Qc4 h6 18. Ne4 Be6 19. Qc2 Nd4 20. Qd1 Rb8 21. Nc3 Bb3 22. Qd2 Qd7 23. Nc4 Qe6 24. e3 Ndc6 25. Qe2 Rfd8 26. Nd2 Bc2 0-1


[Site "https://www.chess.com"]

[Event "Titled Tuesday Blitz April 25 Early 2023"]
[White "Ramirez, Maria Eugenia"]
[Black "Foerster-Yialamas, Lucas"]
[WhiteFideId "3301680"]
[BlackFideId "30901774"]
[WhiteElo "1842"]
[BlackElo "2067"]
[Result "1/2-1/2"]
[Round "02"]
[TimeControl "180+2"]
[Date "2023.04.25"]
[WhiteClock "0:00:05"]
[BlackClock "0:00:04"]

1. e4 e6 2. d4 d5 3. exd5 exd5 4. c4 c6 5. Nf3 Nf6 6. Be2 Bb4+ 7. Nc3 O-O 8. O-O Bxc3 9. bxc3 Ne4 10. Qc2 Bf5 11. Qb3 Qb6 12. Qxb6 axb6 13. Bb2 Nd7 14. cxd5 cxd5 15. Nh4 Be6 16. f3 Nd6 17. f4 Nc4 18. Bc1 Nf6 19. Bxc4 dxc4 20. f5 Bd5 21. Bf4 Be4 22. Be5 Nd5 23. f6 g6 24. Bd6 Rfe8 25. Bb4 Nxb4 26. cxb4 c3 27. Nf3 c2 28. Rfc1 Rec8 29. Kf2 Rc4 30. Nd2 Rxd4 31. Nxe4 Rxe4 32. Rxc2 Rxb4 33. Rac1 h5 34. Rc8+ Rxc8 35. Rxc8+ Kh7 36. Rc7 Rf4+ 37. Ke3 Rxf6 38. Rxb7 Re6+ 39. Kf3 Kg7 40. h4 Kf6 41. a4 Rd6 42. Ra7 Ke6 43. a5 bxa5 44. Rxa5 Rd3+ 45. Kf4 Rd4+ 46. Kg3 Rc4 47. Ra6+ Ke5 48. Ra5+ Ke4 49. Kh3 Rc3+ 50. g3 f6 51. Ra4+ Ke5 52. Rf4 g5 53. hxg5 fxg5 54. Rf2 Rc1 55. Kg2 g4 56. Ra2 Kd5 57. Ra5+ Rc5 58. Ra8 Rc2+ 59. Kg1 Kd4 60. Re8 Rc3 61. Kg2 Rc5 62. Rd8+ Rd5 63. Re8 Kd3 64. Rh8 Re5 65. Rd8+ Ke4 66. Rf8 Ra5 67. Re8+ Kf5 68. Rf8+ Kg6 69. Rg8+ Kh7 70. Rf8 Kg6 71. Rg8+ Kf7 72. Rh8 Kg6 73. Rg8+ 1/2-1/2


[Site "https://www.chess.com"]

[Event "Titled Tuesday Blitz April 25 Early 2023"]
[White "Hajiyev, Kanan"]
[Black "Singh, Arvinder Preet"]
[WhiteFideId "13404148"]
[BlackFideId "5013240"]
[WhiteElo "2103"]
[BlackElo "2124"]
[Result "1-0"]
[Round "02"]
[TimeControl "180+2"]
[Date "2023.04.25"]
[WhiteClock "0:00:48"]
[BlackClock "0:01:49"]

1. d4 f5 2. g3 Nf6 3. Bg2 g6 4. Nh3 Bg7 5. O-O O-O 6. b3 d6 7. Bb2 c6 8. Nd2 Qc7 9. c4 Re8 10. e4 fxe4 11. Ng5 d5 12. f3 e3 13. Nb1 h6 14. Nh3 e5 15. dxe5 Nfd7 16. f4 dxc4 17. Nc3 Qb6 18. Kh1 Na6 19. Qc2 Nb4 20. Qxg6 Nf8 21. Qxe8 Bxh3 22. Qxa8 Bxg2+ 23. Kxg2 e2 24. Nxe2 Qe3 25. Rae1 Nd3 26. Bd4 Qe4+ 27. Kh3 Qf5+ 28. Kg2 Qe4+ 29. Kg1 Nxe1 30. Rxe1 c3 31. Bxc3 Qe3+ 32. Kg2 Qe4+ 33. Kf2 Kh7 34. Qxa7 Ne6 35. Qe3 Qf5 36. Nd4 Nxd4 37. Bxd4 Qh3 38. Kg1 Qe6 39. Qe4+ Kh8 40. f5 Qe8 41. f6 Bf8 42. e6 c5 43. f7+ 1-0


[Site "https://www.chess.com"]

[Event "Titled Tuesday Blitz April 25 Early 2023"]
[White "Quirke, Jeffrey"]
[Black "Jaskolka, Tomasz"]
[WhiteFideId "2013029"]
[BlackFideId "1170791"]
[WhiteElo "2226"]
[BlackElo "2155"]
[Result "0-1"]
[Round "02"]
[TimeControl "180+2"]
[Date "2023.04.25"]
[WhiteClock "0:00:02"]
[BlackClock "0:00:22"]

1. e4 e6 2. d4 d5 3. e5 c5 4. c3 Nc6 5. Nf3 Bd7 6. Bd3 Qb6 7. O-O cxd4 8. Re1 Nge7 9. h4 h5 10. Ng5 g6 11. c4 dxc4 12. Bxc4 Nf5 13. Nd2 Be7 14. Nb3 Nxh4 15. Qd3 Nf5 16. Bf4 O-O 17. g4 hxg4 18. Kg2 Nb4 19. Qe2 Rac8 20. Rac1 d3 21. Bxd3 Nxd3 22. Qxd3 Bc6+ 23. Kg1 Bd5 24. Qe2 Kg7 25. Qxg4 Rh8 0-1


[Site "https://www.chess.com"]

[Event "Titled Tuesday Blitz April 25 Early 2023"]
[White "Amitpal, Singh"]
[Black "Khamdamova, Afruza"]
[WhiteFideId "5012899"]
[BlackFideId "14210444"]
[WhiteElo "2107"]
[BlackElo "2210"]
[Result "0-1"]
[Round "02"]
[TimeControl "180+2"]
[Date "2023.04.25"]
[WhiteClock "0:00:27"]
[BlackClock "0:01:14"]

1. e4 e5 2. Nf3 Nf6 3. Nxe5 d6 4. Nf3 Nxe4 5. Nc3 Nxc3 6. dxc3 Be7 7. Bf4 Nc6 8. Qd2 Be6 9. O-O-O Qd7 10. Bb5 a6 11. Ba4 b5 12. Bb3 Bxb3 13. cxb3 O-O 14. Kb1 a5 15. Nd4 Nxd4 16. Qxd4 Bf6 17. Qd5 b4 18. c4 a4 19. Be3 axb3 20. axb3 Qc8 21. Bd4 Bxd4 22. Rxd4 Re8 23. Re4 c6 24. Rxe8+ Qxe8 25. Qf3 Qe6 26. Rd1 Qg6+ 27. Qd3 Qxg2 28. Qxd6 h6 29. Qg3 Qe4+ 30. Qd3 Qf4 31. Qg3 Qf5+ 32. Qd3 Qxf2 33. Rd2 Qg1+ 34. Kc2 Ra1 35. Qd8+ Kh7 0-1


[Site "https://www.chess.com"]

[Event "Titled Tuesday Blitz April 25 Early 2023"]
[White "Floresvillar Gonzalez, Luis Migu"]
[Black "WindWhistler11"]
[WhiteFideId "5100542"]
[WhiteElo "2040"]
[BlackElo "2461"]
[Result "0-1"]
[Round "02"]
[TimeControl "180+2"]
[Date "2023.04.25"]
[WhiteClock "0:00:14"]
[BlackClock "0:00:19"]

1. e4 g6 2. d4 d6 3. Nc3 Bg7 4. Bg5 a6 5. Bc4 b5 6. Bb3 Bb7 7. f3 Nd7 8. Qd2 c5 9. Bd5 Bxd5 10. Nxd5 Bxd4 11. c3 Bg7 12. Ne2 Ngf6 13. Bh6 Bxh6 14. Qxh6 Nxd5 15. exd5 Nf6 16. O-O-O Qa5 17. Kb1 O-O-O 18. Rhe1 Rhe8 19. Qd2 Nd7 20. f4 Nb6 21. Nc1 Nc4 22. Qe2 Qb6 23. Nb3 a5 24. Nd2 Nxd2+ 25. Rxd2 c4 26. Qg4+ Kb7 27. Rde2 Qc7 28. f5 Rd7 29. fxg6 hxg6 30. Qf4 f6 31. Re6 g5 32. Qe3 Qc5 33. Qe2 Qxd5 34. Rxf6 b4 35. cxb4 axb4 36. Rf3 Rc7 37. Rd1 Qc6 38. Qc2 Ra8 39. b3 c3 40. Rg3 Qb5 41. Qe4+ Kb8 42. Qd4 c2+ 43. Kb2 Rxa2+ 44. Kxa2 Qa5+ 0-1


[Site "https://www.chess.com"]

[Event "Titled Tuesday Blitz April 25 Early 2023"]
[White "Estrada Nieto, Julian"]
[Black "Aanna12"]
[WhiteFideId "5101018"]
[WhiteElo "2161"]
[BlackElo "2204"]
[Result "1-0"]
[Round "02"]
[TimeControl "180+2"]
[Date "2023.04.25"]
[WhiteClock "0:00:02"]
[BlackClock "0:00:01"]

1. e4 e5 2. Nf3 Nc6 3. Bb5 a6 4. Ba4 Nf6 5. O-O b5 6. Bb3 d6 7. c3 Be7 8. Re1 O-O 9. d3 Na5 10. Bc2 c5 11. Nbd2 Nc6 12. Nf1 Qc7 13. Bg5 Re8 14. Ne3 Be6 15. Bxf6 Bxf6 16. Bb3 Rad8 17. a4 b4 18. Bd5 Ne7 19. Bxe6 fxe6 20. Ng4 Rf8 21. Qb3 Nc6 22. Qxe6+ Kh8 23. Rec1 Rde8 24. Qd5 Bd8 25. h3 Qd7 26. Nfh2 bxc3 27. bxc3 Ne7 28. Qa2 Ng6 29. Qe2 Qe7 30. Ne3 Nf4 31. Qg4 Nxd3 32. Nd5 Qf7 33. Rc2 Nxf2 34. Qe2 Bh4 35. Nf3 Nxh3+ 36. gxh3 Qxf3 37. Qxf3 Rxf3 38. Kg2 Ref8 39. Rb1 Rf2+ 40. Rxf2 Rxf2+ 41. Kg1 h6 42. Rb6 Re2 43. Rxd6 Rxe4 44. Rxa6 Rc4 45. Ra8+ Kh7 46. a5 Ra4 47. a6 e4 48. a7 Ra1+ 49. Kg2 Ra2+ 50. Kf1 Ra1+ 51. Ke2 Re1+ 52. Kd2 Ra1 53. Ke3 1-0


[Site "https://www.chess.com"]

[Event "Titled Tuesday Blitz April 25 Early 2023"]
[White "Kuchava, Ana"]
[Black "Kubatko, Ivan"]
[WhiteFideId "13605348"]
[BlackFideId "24111473"]
[WhiteElo "2001"]
[BlackElo "2285"]
[Result "1/2-1/2"]
[Round "02"]
[TimeControl "180+2"]
[Date "2023.04.25"]
[WhiteClock "0:00:45"]
[BlackClock "0:00:24"]

1. d4 d5 2. Nf3 c5 3. c4 e6 4. cxd5 exd5 5. Nc3 Nc6 6. Bf4 Nf6 7. e3 a6 8. Bd3 c4 9. Bc2 b5 10. a3 Bd6 11. Ne5 Bb7 12. O-O O-O 13. Qf3 Re8 14. Qh3 Nxe5 15. dxe5 Bxe5 16. Bg5 h6 17. Bxh6 gxh6 18. Qxh6 Bxc3 19. bxc3 Qe7 20. Qg5+ Kf8 21. Qh6+ Kg8 22. Qg5+ Kf8 23. Qh6+ Kg8 1/2-1/2


[Site "https://www.chess.com"]

[Event "Titled Tuesday Blitz April 25 Early 2023"]
[White "Larina, Maria"]
[Black "Heinemann, Josefine"]
[WhiteFideId "24113182"]
[BlackFideId "12900460"]
[WhiteElo "1848"]
[BlackElo "2342"]
[Result "0-1"]
[Round "02"]
[TimeControl "180+2"]
[Date "2023.04.25"]
[WhiteClock "0:00:04"]
[BlackClock "0:00:20"]

1. e4 c5 2. Nc3 d6 3. d4 cxd4 4. Qxd4 Nc6 5. Qd2 g6 6. b3 Bh6 7. f4 e5 8. Nge2 Nf6 9. Bb2 O-O 10. g3 Bg4 11. O-O-O Re8 12. Qxd6 exf4 13. Qxd8 Raxd8 14. Rxd8 Nxd8 15. Nxf4 Nxe4 16. Bb5 Nc6 17. Re1 Nd6 18. Rxe8+ Nxe8 19. Nd5 Bf8 20. Bxc6 bxc6 21. Ne3 Bd7 22. c4 f5 23. Kc2 Kf7 24. Kd3 Nf6 25. a3 Ne4 26. b4 Bd6 27. Ne2 h5 28. c5 Bc7 29. Nc4 Nf2+ 30. Kd2 Be6 31. Ne3 Ng4 32. Nxg4 hxg4 33. Nc1 g5 34. Nd3 f4 35. gxf4 gxf4 36. Be5 Bxe5 37. Nxe5+ Kf6 38. Nxc6 Bd5 39. Nxa7 g3 40. hxg3 fxg3 41. c6 g2 42. c7 Be6 43. c8=Q Bxc8 44. Nxc8 g1=Q 45. Nb6 Qxb6 0-1


[Site "https://www.chess.com"]